 Dungeon Crawl Stone Soup version 0.27-a0-538-g15ff5c5295 (webtiles) character file.

Game seed: 10307633359205712727

171 scarywalker64 the Digger (level 5, -9/29 HPs)
             Began as a Gargoyle Earth Elementalist on Mar 6, 2021.
             Killed from afar by an orc wizard (12 damage)
             ... with a puff of flame
             ... on level 4 of the Dungeon.
             The game lasted 00:05:21 (3296 turns).

scarywalker64 the Digger (GrEE)                     Turns: 3296, Time: 00:05:22

Health: -9/29      AC:  7    Str: 12    XL:     5   Next: 51%
Magic:  9/9        EV: 16    Int: 16    God:
Gold:   149        SH:  0    Dex: 10    Spells: 4/10 levels left

rFire    . . .     SeeInvis .   n - +2 quarterstaff (pain)
rCold    . . .     Faith    .   (shield currently unavailable)
rNeg     + . .     Spirit   .   c - +0 robe
rPois    ∞         Reflect  .   (no helmet)
rElec    +         Harm     .   d - +0 cloak
rCorr    .         Rampage  .   (no gloves)
Will     .....                  (no boots)
Stlth    +.........             (no amulet)
HPRegen  0.09/turn              g - +4 ring of evasion
MPRegen  0.11/turn              (no ring)

@: confused
A: negative energy resistance 1, electricity resistance, torment resistance 1,
unbreathing 1, petrification resistance, AC +4
a: no special abilities


You were on level 4 of the Dungeon.
You visited 1 branch of the dungeon, and saw 4 of its levels.

You collected 149 gold pieces.

Inventory:

Hand Weapons
 h - a +0 whip
 n - a +2 quarterstaff of pain (weapon)
Missiles
 b - 163 stones
 o - 18 sling bullets
Armour
 c - a +0 robe (worn)
 d - a +0 cloak (worn)
Jewellery
 g - a +4 ring of evasion (left hand)
 p - a +4 ring of slaying
Scrolls
 a - 3 scrolls of amnesia {unknown}
 e - 3 scrolls of identify {unknown}
 m - 6 scrolls of teleportation {unknown}
 q - 2 scrolls of fog {unknown}
 r - a scroll of enchant weapon {unknown}
 s - a scroll of magic mapping {unknown}
Potions
 f - 2 potions of cancellation {unknown}
 i - 4 potions of curing {unknown}
 j - a potion of lignification {unknown}
 k - 3 potions of heal wounds {unknown}
 l - a potion of flight {unknown}
 t - a potion of mutation {unknown}
 u - a potion of resistance {unknown}
 v - a potion of attraction {unknown}


   Skills:
 * Level 1.5 Fighting
 + Level 0.2(0.6) Maces & Flails
 + Level 1.0 Staves
 + Level 1.8 Dodging
 - Level 3.0 Stealth
 * Level 1.3 Shields
 * Level 3.1 Spellcasting
 * Level 0.7 Necromancy
 + Level 0.7 Transmutations
 * Level 4.6 Earth Magic


You had 4 spell levels left.
You knew the following spells:

 Your Spells              Type           Power      Damage    Failure   Level
a - Sandblast             Erth           34%        2d9       2%          1
b - Passwall              Tmut/Erth      9%         N/A       10%         2
c - Stone Arrow           Conj/Erth      18%        3d8       22%         3

Your spell library contained the following spells:

 Spells                   Type           Power      Damage    Failure   Level
 Petrify                  Tmut/Erth      11%        N/A       52%         4
 Lee's Rapid Deconstruct  Erth           8%         3d8*      58%         5


Dungeon Overview and Level Annotations

Branches:
Dungeon (4/15)
 Temple: D:4-7

Altars:


Innate Abilities, Weirdness & Mutations

Your stone body is resilient. (AC +4)
You are immune to poison.
You resist negative energy. (rN+)
You are resistant to electric shocks. (rElec)
You are resistance to unholy torment.
You can survive without breathing.
You are immune to petrification.


Message History

You closely miss the orc. You sock the orc!
You kill the orc!
A hound comes into view.
Something hits you but does no damage. The orc hits you but does no damage.
Unknown command.
You miss something. Something barely misses you.
You thump something! Something hits you but does no damage.
You hit something. Something hits you but does no damage. Something hits you.
You barely miss something.
You hear some strange, mumbled words.
Something tries to affect you, but you resist.
You miss something. Something hits you.
You miss something. Something hits you.
You hit something. Something hits you but does no damage.
You hear some strange, mumbled words.
A puff of flame appears from out of thin air!
The puff of flame hits you but does no damage.
You barely miss something. Something hits you.
You miss something. Something hits you but does no damage.
You closely miss something.
You hear some strange, mumbled words.
A magic dart appears from out of thin air!
The magic dart hits you!
You miss something.
You hear some strange, mumbled words.
You are confused.
You hear some strange, mumbled words.
A puff of flame appears from out of thin air!
The puff of flame misses you.
You bump into the rock wall.
You hear some strange, mumbled words.
A magic dart appears from out of thin air!
The magic dart hits you.
* * * LOW HITPOINT WARNING * * *
You completely miss something.
You hear some strange, mumbled words.
A puff of flame appears from out of thin air!
The puff of flame hits you!
You die...

####### #.....# ######
#.###.#######...).##
#...............?..!
#.###...#####)....#
####>........@{oo....#
#.......##...####.###..
#.........##.# #
#.......#.##.#
#.......#.##..
#.......#. ....
#######.#### #....
#.......# #.....
#.......## .......


You could see 2 orcs.

Vanquished Creatures
  A worker ant (D:3)
  4 adders
  An ooze (D:1)
  2 worms (D:2)
  4 dart slugs
  4 leopard geckos
  2 orcs (D:4)
  3 bats
  3 giant cockroaches
  12 goblins
  13 hobgoblins
  6 jackals
  8 kobolds
  A quokka (D:3)
  A ball python (D:1)
  2 frilled lizards
  15 rats
82 creatures vanquished.

Notes
Turn   | Place    | Note
-------+----------+-------------------------------------------
     0 | D:1      | scarywalker64 the Gargoyle Earth Elementalist began the
                  | quest for the Orb.
     0 | D:1      | Reached XP level 1. HP: 10/10 MP: 3/3
    80 | D:1      | Reached XP level 2. HP: 15/15 MP: 1/5
    98 | D:1      | Reached skill level 4 in Earth Magic
   480 | D:1      | Reached XP level 3. HP: 19/20 MP: 3/6
   700 | D:1      | Reached skill level 1 in Shields
  1444 | D:2      | Reached XP level 4. HP: 19/24 MP: 8/8
  1597 | D:1      | Learned a level 2 spell: Passwall
  1601 | D:1      | Learned a level 3 spell: Stone Arrow
  2339 | D:3      | Reached skill level 1 in Fighting
  2357 | D:3      | Reached XP level 5. HP: 27/29 MP: 9/9
  3280 | D:4      | Reached skill level 1 in Staves
  3296 | D:4      | Killed from afar by an orc wizard

Illustrated notes

Levels and vault maps discovered:
D:1:      onia_arrival_handbag, layout_basic
D:2:      layout_loops_ring
D:3:      layout_basic, kennysheep_generic_room_9
D:4:      layout_basic, nemelex_dance_club_becter

Skill      XL: |  1  2  3  4  5 |
---------------+----------------+-----
Earth Magic    | 4 |  4.6
Shields        | 1 |  1.3
Fighting       | 1 |  1.5
Spellcasting   | 3 |  3.1
Stealth        | 3 |  3.0
Staves         | 1 |  1.0
Maces & Flails | |  0.2
Dodging        | |  1.8
Necromancy     | |  0.7
Transmutations | |  0.7

Action                   |  1- 3 |  4- 6 || total
-------------------------+-------+-------++-------
Melee: Whip              |    38 |       ||    38
       Unarmed           |    17 |       ||    17
       Quarterstaff      |     1 |   142 ||   143
 Cast: Sandblast         |    32 |       ||    32
 Stab: Sleeping          |     2 |     8 ||    10
Armor: Robe              |    21 |    24 ||    45
Dodge: Dodged            |    53 |    96 ||   149

Table legend: (Time is in decaauts)
 A = Elapsed time spent in this place.
 B = Non-inter-level travel time spent in this place.
 C = Inter-level travel time spent in this place.
 D = Time resting spent in this place.
 E = Time spent auto-exploring this place.
 F = Levels seen in this place.
 G = Mean time per level.
                   A        B        C        D        E       F      G
               +--------+--------+--------+--------+--------+-----+--------+
         Total |   3337 |   3146 |    191 |      0 |   2564 |   4 |  834.2 |
       Dungeon |   3337 |   3146 |    191 |      0 |   2564 |   4 |  834.2 |
               +--------+--------+--------+--------+--------+-----+--------+

Top non-repeatable levels by time:
     D:1: 1291 daAuts
     D:2: 1051 daAuts
     D:3: 887 daAuts
     D:4: 107 daAuts
